 Dungeon Crawl Stone Soup version 0.30.1-4-g462c640d31 (webtiles) character file.

Game seed: 17270989902463768140

672 wingedge the Trooper (level 7, -2/56 (60) HPs)
             Began as a Demigod Wanderer on Aug 23, 2023.
             Slain by a wight
             ... wielding a +2 short sword of freezing
              (7 damage)
             ... on level 5 of the Dungeon.
             The game lasted 00:19:31 (3856 turns).

wingedge the Trooper (Demigod Wanderer)             Turns: 3856, Time: 00:19:32

HP:   -2/56 (60)    AC: 10    Str: 23    XL:     7   Next: 10%
MP:   9/9           EV:  8    Int: 20    God:
Gold: 145           SH:  5    Dex: 11    Spells: 6/6 levels left

rFire   . . .        a - +3 hammer of Sin {venom, rPois Int+8 Dex-2}
rCold   . . .        (no shield)
rNeg    . . .        E - +0 chain mail
rPois   +            (no helmet)
rElec   .            O - +0 cloak {rPois}
rCorr   .            (no gloves)
SInv    .            (no boots)
Will    +....        v - amulet of reflection Stlth
                     k - ring of willpower
HPRegen 0.29/turn    (no ring)
MPRegen 0.11/turn

%: reflection
@: drained
A: high MP 1, forlorn, divine attributes
a: no special abilities


You were on level 5 of the Dungeon.
You visited 1 branch of the dungeon, and saw 5 of its levels.

You collected 145 gold pieces.

Inventory:

Hand Weapons
 a - the +3 hammer of Sin (weapon) {venom, rPois Int+8 Dex-2}
   (You found it on level 4 of the Dungeon)

   Int:       It affects your intelligence (+8).
   Dex:       It affects your dexterity (-2).
   rPois:     It protects you from poison.
 b - a +1 vampiric hand axe
Missiles
 f - 3 silver boomerangs
 n - 2 boomerangs
 u - 5 poisoned darts
 B - 3 silver javelins (quivered)
Armour
 e - a +0 leather armour
 i - a +0 robe
 t - a +0 ring mail
 w - a +0 scale mail
 E - a +0 chain mail (worn)
 O - a +0 cloak of poison resistance (worn)
Jewellery
 g - an amulet of magic regeneration
 k - a ring of willpower (left hand)
 v - an amulet of reflection (around neck)
 I - a ring of ice
 K - an amulet of regeneration
Scrolls
 c - a scroll of acquirement {unknown}
 h - 4 scrolls of fog
 p - a scroll of poison
 q - a scroll of enchant armour {unknown}
 r - 2 scrolls of enchant weapon
 s - a scroll of vulnerability {unknown}
 C - a scroll of silence
 G - 3 scrolls of immolation
 H - a scroll of blinking {unknown}
 J - 4 scrolls of teleportation
 L - a scroll of torment {unknown}
 M - a scroll of noise {unknown}
Potions
 j - 2 potions of cancellation
 l - a potion of heal wounds {unknown}
 m - 4 potions of curing {unknown}
 o - a potion of attraction {unknown}
 z - a potion of berserk rage {unknown}
 A - a potion of flight {unknown}
 D - a potion of brilliance {unknown}
 F - a potion of lignification {unknown}
 N - a potion of mutation {unknown}


   Skills:
 + Level 4.7 Fighting
 - Level 0.6(2.3) Axes
 + Level 3.6 Maces & Flails
 - Level 3.0 Ranged Weapons
 - Level 3.0 Throwing
 - Level 3.0 Armour
 - Level 3.0 Evocations


You had 6 spell levels left.
You didn't know any spells.
Your spell library contained the following spells:

 Spells                   Type           Power      Damage    Failure   Level
 Ensorcelled Hibernation  Hex/Ice        0%         N/A       87%         2
 Spider Form              Tmut/Pois      0%         N/A       98%         3
 Anguish                  Hex/Necr       0%         N/A       100%        4


Dungeon Overview and Level Annotations

Branches:
Dungeon (5/15)             Temple (0/1) D:4

Shops:
D:2 (


Innate Abilities, Weirdness & Mutations

You have an increased reservoir of magic. (+10% MP)
You shall have no god before yourself.
Your divine heritage dramatically boosts your attributes as you level up.


Message History

Aim: a wight, wielding a +0 great sword and wearing a +0 robe (almost destroyed, 59% to hit)
You throw a silver javelin.
The silver javelin pierces through the wight!
The wight is severely damaged.
The silver javelin barely misses the wight.
The wight barely misses you.
Throw: 4 javelins (silver)
Press: ? - help, Shift-Dir - straight line, f/p - wight
Aim: a wight, wielding a +0 great sword and wearing a +0 robe (almost destroyed, 59% to hit)
You throw a silver javelin.
The silver javelin completely misses the wight.
The silver javelin pierces through the wight.
You destroy the wight!
The wight hits you with a +0 battleaxe!
You feel drained. The wight barely misses you.
You have reached level 7!
You closely miss the wight.
The wight is severely damaged.
The wight hits you with a +0 battleaxe!
* * * LOW HITPOINT WARNING * * *
You feel drained.
* * * LOW HITPOINT WARNING * * *
Okay, then.
Okay, then.
You hit the wight.
The wight is severely damaged.
The wight hits you but does no damage.
You barely miss the wight.
The wight is severely damaged.
You block the wight's attack.
You hit the wight but do no damage.
The wight is severely damaged.
You block the wight's attack. The wight hits you with a +0 battleaxe!
* * * LOW HITPOINT WARNING * * *
You sock the wight!
You destroy the wight!
As you read the scroll of summoning, it crumbles to dust.
Wisps of shadow whirl around you...
The wight hits you with a +2 short sword of freezing!
You die...

## ### ### .# ####.. ..####.#
### ### #.#.# ##....# #.###J#
###..# ####.## #..##.#
####....## ##.#
#...S@###...#....#
##.#####)####z)..###....##
#........# #(...###.....#
P♣♣......## #.....##.....## #
♣~~~~~~..# ##..##..#......##.
♣~~~♣~~♣♣♣.# #..####.(.........
~~P≈~~P~~~~♣~###..#
##........#.
≈≈≈≈≈≈~~♣~~~♣♣#..## ###......##
≈≈≈≈≈≈~P~~♣~~~♣..#####....#^..#


You could see a wight (ally target), a friendly jelly (summoned) and a friendly
adder (summoned).

Vanquished Creatures
  A black bear (D:4)
  A bullfrog (D:4)
  A scorpion (D:4)
  3 wights (D:5)
  A hound (D:4)
  A jelly (D:4)
  Crazy Yiuf (D:4)
  An orc priest (D:4)
  An iguana (D:5)
  An orc wizard (D:4)
  4 adders
  2 ufetubi (D:4)
  A worm (D:2)
  2 dart slugs
  8 orcs
  6 ball pythons
  5 endoplasms
  4 giant cockroaches
  10 goblins
  9 hobgoblins
  3 jackals (D:5)
  5 kobolds
  2 quokkas (D:1)
  5 bats
  5 frilled lizards
  4 rats
87 creatures vanquished.

Notes
Turn   | Place    | Note
-------+----------+-------------------------------------------
     0 | D:1      | wingedge the Demigod Wanderer began the quest for the Orb.
     0 | D:1      | wingedge set off with the following items: a +2 mace, a +0
                  | sling, a piece from Xom's chessboard (15/15), a scroll of
                  | summoning, a +0 leather armour.
     0 | D:1      | Reached XP level 1. HP: 16/16 MP: 3/3
   272 | D:1      | Reached XP level 2. HP: 23/23 MP: 4/4
  1338 | D:2      | Reached XP level 3. HP: 27/29 MP: 5/5
  1430 | D:2      | Reached skill level 2 in Fighting
  1455 | D:2      | Found Irusau Veips's Antique Weapon Emporium.
  1542 | D:2      | Reached skill level 1 in Armour
  2407 | D:3      | Reached XP level 4. HP: 37/37 MP: 6/6
  2628 | D:4      | Noticed a black bear
  2641 | D:4      | Killed a black bear
  2642 | D:4      | Reached skill level 3 in Fighting
  2642 | D:4      | Reached skill level 1 in Throwing
  2642 | D:4      | Reached XP level 5. HP: 45/45 MP: 7/7
  2674 | D:4      | You fall into a shaft and drop 1 floor!
  2674 | D:5      | Entered Level 5 of the Dungeon
  2819 | D:4      | Found a staircase to the Ecumenical Temple.
  2844 | D:4      | Reached XP level 6. HP: 32/51 MP: 8/8
  3220 | D:4      | Found a runed translucent door.
  3221 | D:4      | Noticed Crazy Yiuf
  3231 | D:4      | Killed Crazy Yiuf
  3401 | D:4      | Identified the +3 hammer of Sin {venom, rPois Int+8 Dex-2}
  3506 | D:4      | Reached skill level 4 in Fighting
  3851 | D:5      | Reached XP level 7. HP: 24/56 MP: 9/9
  3856 | D:5      | Slain by a wight

Illustrated notes

Levels and vault maps discovered:
D:1:      shiori_arrival_elements, layout_basic
D:2:      minmay_diamond_boxcup, layout_basic, serial_shops, shop,
          small_statue_intersection
D:3:      layout_rooms, old_standard_altar, mainiacjoe_overflow_six_doors_small,
          grunt_ministairs_15
D:4:      layout_rooms, grunt_qazlal_clouds,
          minmay_temple_entry_statues_fountains, serial_demonic,
          serial_demonic_f, serial_demonic_d, serial_demonic_g,
          serial_demonic_e, uniq_crazy_yiuf_cottage
D:5:      minmay_angry_zag, layout_layer_cave, serial_bayou,
          serial_bayou_shore_a, serial_bayou_shore_b, serial_bayou_pond_d,
          serial_bayou_lake_a

Skill      XL: |  1  2  3  4  5  6 |
---------------+-------------------+-----
Evocations     | 3 |  3.0
Maces & Flails | 3 |  3.6
Ranged Weapons | 3 |  3.0
Fighting       | 2 3 4 |  4.7
Armour         | 1 2 3 |  3.0
Throwing       | 1 2 3 |  3.0
Axes           | |  0.6

Action                     |  1- 3 |  4- 6 |  7- 9 || total
---------------------------+-------+-------+-------++-------
  Melee: Mace              |   115 |    85 |     5 ||   205
         Punch             |     1 |       |       ||     1
         Dagger            |    13 |    12 |       ||    25
         Hand axe          |       |     5 |       ||     5
   Fire: Sling             |     1 |     1 |       ||     2
  Throw: Javelin           |       |    14 |       ||    14
         Boomerang         |       |     2 |       ||     2
         Dart              |       |     1 |       ||     1
    Use: Scroll            |     2 |     6 |     1 ||     9
   Stab: Distracted        |     1 |       |       ||     1
         Sleeping          |     1 |       |       ||     1
 Armour: Leather armour    |    20 |       |       ||    20
         Scale mail        |    14 |       |       ||    14
         Ring mail         |     1 |       |       ||     1
         Chain mail        |     3 |    62 |     1 ||    66
  Dodge: Dodged            |    52 |    54 |       ||   106
  Block: Other             |    14 |    22 |     2 ||    38
